 Dungeon Crawl Stone Soup version 0.30-a0-652-gcc886f7154 (webtiles) character file.

Game seed: 1060098647755615551

1911 wormed the Ducker (level 9, 0/62 HPs)
             Began as an Octopode Warper on Jan 18, 2023.
             Succumbed to a water moccasin's poison
             ... on level 6 of the Dungeon.
             The game lasted 00:09:24 (5815 turns).

wormed the Ducker (Octopode Warper)                 Turns: 5815, Time: 00:09:25

Health: 0/62       AC:  1    Str: 10    XL:     9   Next: 16%
Magic:  14/17      EV: 15    Int: 19    God:
Gold:   229        SH:  0    Dex: 12    Spells: 17/19 levels left

rFire   . . .      SeeInvis .      - Unarmed
rCold   . . .      Faith    .    (no shield)
rNeg    . . .      Spirit   .    (helmet restricted)
rPois   .          Reflect  .    (no amulet)
rElec   .          Harm     .    n - ring of flight
rCorr   .          Rampage  .    (no ring)
Will    .....                    (no ring)
Stlth   ++                       (no ring)
HPRegen 0.30/turn                (no ring)
MPRegen 0.15/turn                (no ring)
                                 (no ring)
                                 (no ring)

@: mighty, lethally poisoned (0 -> -9), attractive, on blink cooldown, flying,
invisible
A: almost no armour, amphibious, 8 rings, camouflage 1, gelatinous body 1,
(nimble swimmer 1), tentacles
a: no special abilities


You were on level 6 of the Dungeon.
You visited 1 branch of the dungeon, and saw 6 of its levels.

You collected 301 gold pieces.
You spent 72 gold pieces at shops.

Inventory:

Missiles
 b - 4 boomerangs of dispersal
 e - 6 poisoned darts
Jewellery
 n - a ring of flight (left tentacle)
Wands
 c - a wand of roots (6)
Scrolls
 a - 2 scrolls of blinking
 d - a scroll of enchant armour
 g - 2 scrolls of magic mapping
 q - a scroll of fog
 r - 3 scrolls of identify
 s - a scroll of amnesia
Potions
 f - a potion of heal wounds {unknown}
 h - 2 potions of flight
 k - a potion of haste {unknown}
 l - 2 potions of might
 p - a potion of invisibility


   Skills:
 + Level 6.1 Fighting
 - Level 1.0 Throwing
 + Level 6.2 Dodging
 + Level 6.0 Unarmed Combat
 + Level 5.6 Spellcasting
 - Level 3.0 Translocations


You had 17 spell levels left.
You knew the following spells:

 Your Spells              Type           Power      Damage    Failure   Level
a - Blink                 Tloc           32%        N/A       5%          2

Your spell library contained the following spells:

 Spells                   Type           Power      Damage    Failure   Level
 Lesser Beckoning         Tloc           32%        N/A       5%          2
 Teleport Other           Tloc           16%        N/A       11%         3
 Kiss of Death            Conj/Necr      20%        2d7       12%         1
 Cigotuvi's Dreadful Rot  Necr/Pois/Air  10%        N/A       19%         2
 Vhi's Electric Charge    Tloc/Air       22%        N/A       19%         3
 Confusing Touch          Hex            5%         N/A       34%         3
 Manifold Assault         Tloc           16%        N/A       34%         4
 Dispel Undead            Necr           5%         3d7       75%         4
 Conjure Ball Lightning   Conj/Air       2%         3x3d6     100%        6
 Death Channel            Necr           2%         N/A       100%        6
 Discord                  Hex            2%         N/A       100%        8
 Disjunction              Tloc           8%         N/A       100%        8


Dungeon Overview and Level Annotations

Branches:
Dungeon (6/15)
 Temple: D:4-7

Altars:
Cheibriados
Fedhas
Nemelex Xobeh
Qazlal
Yredelemnul

Shops:
D:2 !**!*   D:4 [


Innate Abilities, Weirdness & Mutations

You cannot wear most types of armour.
You are amphibious.
You can wear up to eight rings at the same time.
Your skin changes colour to match your surroundings (Stealth+).
Your rubbery body absorbs attacks. (AC +1, EV +1)
((You are camouflaged when in or above water. (Stealth+)))
You have tentacles for arms and can constrict up to eight enemies at once.


Message History

Your Fighting skill increases to level 6!
Your Dodging skill increases to level 6!
Your Unarmed Combat skill increases to level 6!
You have reached level 9!
Your experience leads to an increase in your attributes!
Increase (S)trength, (I)ntelligence, or (D)exterity?
You feel clever. x2
You tentacle-slap the water moccasin but do no damage.
You grab the water moccasin. Your squeeze misses the water moccasin.
You constrict the water moccasin.
You feel sick.
The water moccasin completely misses you.
You tentacle-slap the water moccasin.
The water moccasin is moderately wounded.
You constrict the water moccasin.
You feel sick. The water moccasin barely misses you.
You tentacle-slap the water moccasin but do no damage.
You squeeze the water moccasin, but do no damage.
The water moccasin is moderately wounded.
You constrict the water moccasin.
You feel sick. The water moccasin bites you! x2
* * * LOW HITPOINT WARNING * * *
You are lethally poisoned!
The water moccasin poisons you!
Casting: Blink (safe; 5% risk of failure)
Confirm with . or Enter, or press ? or * to list all spells.
You blink.
You lose your grip on the water moccasin.
* * * LOW HITPOINT WARNING * * *
You feel very sick.
It was a potion of might.
You feel very mighty all of a sudden.
* * * LOW HITPOINT WARNING * * *
You feel very sick.
It was a potion of invisibility.
You fade into invisibility!
* * * LOW HITPOINT WARNING * * *
You feel very sick. The water moccasin barely misses you.
It was a potion of attraction.
You feel attractive to monsters.
You die...

##........§§.........#.#
#.#.#.#.#(#.#.#.#.#.#.#
##......)§.........##
###..#.#.#.#.#.#.#.#..
..'..................##
######...#.#.#.#.#.#.#..
.#...##.................5
.#.#.##....#.#.#S#.#.#.#.
##.#.##.........@...(....
)..#.##....#########.###.
####.##~~~...... # #5####
.....~~~~~~~~~## #....##
####~~~≈~~~~### ####..#
######~≈≈### ##.#
#.....##### #5#
........... #.#
.#####.....# ##5#


You could see a water moccasin (unable to see you).

Vanquished Creatures
  Pikel (D:6)
  A steam dragon (D:6)
  A water moccasin (D:6)
  An ice beast (D:5)
  2 centaurs (D:6)
  A kobold brigand (D:6)
  A necrophage (D:4)
  A scorpion (D:3)
  A wight (D:4)
  A howler monkey (D:5)
  An orc priest (D:5)
  5 hounds
  2 jellies
  Ijyb (D:3)
  Terence (D:3)
  2 iguanas (D:5)
  5 orc wizards (D:4)
  7 adders
  5 gnolls
  A white imp (D:5)
  A worm (D:4)
  19 orcs
  11 ball pythons
  6 bats
  5 endoplasms
  6 giant cockroaches
  14 goblins
  11 hobgoblins
  3 jackals (D:2)
  4 quokkas
  6 frilled lizards
  11 kobolds
  2 rats (D:1)
140 creatures vanquished.

Vanquished Creatures (others)
  6 plants (D:3)
6 creatures vanquished.

Grand Total: 146 creatures vanquished

Notes
Turn   | Place    | Note
-------+----------+-------------------------------------------
     0 | D:1      | wormed the Octopode Warper began the quest for the Orb.
     0 | D:1      | Reached XP level 1. HP: 14/14 MP: 3/3
   109 | D:1      | Reached XP level 2. HP: 19/19 MP: 5/5
   112 | D:1      | Learned a level 2 spell: Blink
   576 | D:2      | Found Fuicig's General Store.
   582 | D:2      | Found Juihyepu's Distillery.
   638 | D:2      | Bought a scroll of identify for 26 gold pieces
   638 | D:2      | Bought a scroll of identify for 26 gold pieces
   650 | D:2      | Reached XP level 3. HP: 25/25 MP: 6/6
   854 | D:2      | Found Wipytux's Distillery.
   944 | D:2      | Reached XP level 4. HP: 25/30 MP: 7/7
   990 | D:2      | Found Daol's General Store.
  1122 | D:2      | Found Veot's Assorted Antiques.
  1139 | D:2      | Bought a scroll labelled KUIPNI ELYVATE for 20 gold pieces
  1693 | D:3      | Noticed Ijyb
  1707 | D:3      | Noticed a scorpion
  1715 | D:3      | Killed Ijyb
  1716 | D:3      | Reached XP level 5. HP: 36/36 MP: 9/9
  1935 | D:3      | Reached XP level 6. HP: 25/42 MP: 10/10
  2171 | D:3      | Noticed Terence
  2179 | D:3      | Killed Terence
  2347 | D:3      | Found a snail-covered altar of Cheibriados.
  2615 | D:4      | Found Qamnu's Antique Armour Shoppe.
  2770 | D:4      | Reached XP level 7. HP: 45/48 MP: 12/12
  3381 | D:4      | Found a blossoming altar of Fedhas.
  3462 | D:5      | Entered Level 5 of the Dungeon
  3665 | D:5      | Found a basalt altar of Yredelemnul.
  3765 | D:5      | Identified the +8 dagger "Rugaec" {heavy, rElec rN+ Int+3
                  | Dex+5}
  3772 | D:5      | Reached XP level 8. HP: 17/54 MP: 14/14
  3942 | D:5      | Reached skill level 5 in Dodging
  4021 | D:5      | Identified the +7 hand axe "Xocsa" {pain, rC+}
  4748 | D:5      | Reached skill level 5 in Fighting
  4923 | D:6      | Reached skill level 5 in Unarmed Combat
  5109 | D:6      | Found a sparkling altar of Nemelex Xobeh.
  5114 | D:6      | Found a stormy altar of Qazlal.
  5360 | D:6      | Reached skill level 5 in Spellcasting
  5608 | D:6      | Noticed Pikel
  5808 | D:6      | Killed Pikel
  5809 | D:6      | Reached XP level 9. HP: 31/62 MP: 15/17
  5814 | D:6      | HP: 2/62 [poisoned by a water moccasin]
  5815 | D:6      | Succumbed to a water moccasin's poison

Illustrated notes

Levels and vault maps discovered:
D:1:      amcnicky_arrival_underground_garden, layout_rooms,
          kennysheep_minor_cross
D:2:      minmay_general_purpose_star, layout_basic, serial_shops,
          nicolae_shop_hallway_stairs, nicolae_shop_behind_doors,
          nicolae_shop_trees, shop, nicolae_square_shop,
          corexii_item_surrounded_by_moat, minmay_pentomino_pile
D:3:      cheibrodos_greedy_goblins, layout_basic, chei_slow_surprise,
          serial_bayou, serial_bayou_lake_a, serial_bayou_crossing,
          serial_bayou_pond_a, serial_bayou_pond_c, uniq_ijyb, uniq_terence
D:4:      layout_basic, kennysheep_mini_moat, kennysheep_little_box,
          serial_shops, shop
D:5:      layout_basic, yredelemnul_altar_generic
D:6:      cheibrodos_thug_alley, layout_basic, nicolae_overflow_two_pavilions,
          hex_large, minmay_ruined_shrine, uniq_pikel

Skill      XL: |  1  2  3  4  5  6  7  8 |
---------------+-------------------------+-----
Dodging        | 3 4 6 |  6.2
Fighting       | 3 4 6 |  6.1
Unarmed Combat | 3 4 6 |  6.0
Spellcasting   | 3 4 5 |  5.6
Throwing       | |  1.0
Translocations | |  3.0

Action                   |  1- 3 |  4- 6 |  7- 9 || total
-------------------------+-------+-------+-------++-------
Melee: Unarmed           |    92 |   167 |   157 ||   416
       Constrict         |    25 |    37 |    33 ||    95
       Tentacles         |    21 |    32 |    43 ||    96
       Punch             |     1 |     6 |    10 ||    17
       Dagger            |       |       |     3 ||     3
Throw: Boomerang         |       |       |     3 ||     3
       Dart              |       |       |     5 ||     5
 Cast: Blink             |       |       |     4 ||     4
Evoke: Wand              |       |       |     7 ||     7
  Use: Scroll            |     4 |     8 |     4 ||    16
       Potion            |       |     2 |     7 ||     9
 Stab: Sleeping          |     4 |     5 |     8 ||    17
Armor: Skin              |     8 |    28 |     8 ||    44
Dodge: Dodged            |    69 |    99 |   110 ||   278
Block: Buckler           |       |     3 |       ||     3

Table legend: (Time is in decaauts)
 A = Elapsed time spent in this place.
 B = Non-inter-level travel time spent in this place.
 C = Inter-level travel time spent in this place.
 D = Time resting spent in this place.
 E = Time spent auto-exploring this place.
 F = Levels seen in this place.
 G = Mean time per level.
                   A        B        C        D        E       F      G
               +--------+--------+--------+--------+--------+-----+--------+
         Total |   5818 |   5660 |    158 |     12 |   4506 |   6 |  969.7 |
       Dungeon |   5818 |   5660 |    158 |     12 |   4506 |   6 |  969.7 |
               +--------+--------+--------+--------+--------+-----+--------+

Top non-repeatable levels by time:
     D:5: 1580 daAuts
     D:3: 1185 daAuts
     D:2: 833 daAuts
     D:4: 789 daAuts
     D:6: 765 daAuts
     D:1: 665 daAuts
